 Dungeon Crawl Stone Soup version 0.17-a0-1920-gafa4d75 (webtiles) character file.

1605 mcbry74 the Covert (level 9, -9/50 HPs)
             Began as a Kobold Assassin on Sept 27, 2015.
             Splashed by a jelly's acid (10 damage)
             ... on level 5 of the Dungeon.
             The game lasted 01:01:03 (5915 turns).

mcbry74 the Covert (Kobold Assassin)                Turns: 5915, Time: 01:01:05

Health: -9/50      AC: -11   Str: 10    XL:     9   Next: 16%
Magic:  9/9        EV: 19    Int:  9    God:
Gold:   286        SH:  0    Dex: 20    Spells: 0 memorised, 8 levels left

rFire  . . .     SeeInvis .     u - +1 short sword (speed)
rCold  + . .     Clarity  .     c - +0 robe
rNeg   . . .     SustAt   .     (shield restricted)
rPois  .         Gourm    .     B - +0 helmet
rElec  .         Spirit   .     w - +0 cloak
rCorr  .         Warding  .     t - +0 pair of gloves
rMut   .         Stasis   .     (no boots)
MR     .....                    n - amulet of rage
Stlth  +++++.....               I - ring of protection from cold
                                s - +4 ring of slaying

@: corroded equipment, not resistant to hostile enchantments, quite stealthy
A: carnivore 3
a: Evoke Berserk Rage


You were on level 5 of the Dungeon.
You were not hungry.

You visited 1 branch of the dungeon, and saw 6 of its levels.

You collected 286 gold pieces.

Inventory:

Hand weapons
 a - a +2 dagger
 b - a +0 blowgun
 u - a +1 short sword of speed (weapon)
 A - the +8 hunting sling of Gallantry {flame, rElec rC+ Int+4, unknown}
   (You found it on level 4 of the Dungeon)

   It causes projectiles fired from it to burn those they strike, causing extra
   injury to most foes and up to half again as much damage against particularly
   susceptible opponents.
   It affects your intelligence (+4).
   It protects you from cold.
   It insulates you from electricity.
 H - a +0 mace
Missiles
 e - 9 poisoned needles
 f - 5 curare-tipped needles
 E - 11 tomahawks (quivered)
 F - 14 poisoned sling bullets
Armour
 c - a +0 robe (worn)
 t - a +0 pair of gloves (worn)
 w - a +0 cloak (worn)
 B - a +0 helmet (worn)
Jewellery
 j - an uncursed amulet of the gourmand
 n - an amulet of rage (around neck)
 s - a +4 ring of slaying (left hand)
 I - a ring of protection from cold (right hand)
Magical devices
 D - a wand of confusion (20)
Scrolls
 k - 2 scrolls of teleportation
 x - a scroll of magic mapping
 y - a scroll of random uselessness {unknown}
 C - a scroll of immolation {unknown}
 G - a scroll of enchant armour {unknown}
 J - a scroll of recharging
 K - a scroll of remove curse
 L - a scroll of identify
Potions
 h - 3 potions of haste
 i - 2 potions of resistance {unknown}
 l - 5 potions of curing
 m - a potion of flight {unknown}
 o - a potion of invisibility {unknown}
 p - 2 potions of might {unknown}
 q - 2 potions of lignification {unknown}
 z - a potion of cure mutation {unknown}
 M - a potion of heal wounds {unknown}
Comestibles
 g - a meat ration
 r - a royal jelly
 v - 2 beef jerkies


   Skills:
 + Level 3.1 Fighting
 * Level 6.4 Short Blades
 + Level 8.2 Throwing
 * Level 5.6 Dodging
 + Level 10.1 Stealth


You had 8 spell levels left.
You didn't know any spells.

Dungeon Overview and Level Annotations

Branches:
Dungeon (6/15)
 Temple: D:4-7

Altars:
Zin
The Shining One

Shops:
D:4 ?

Annotations:
D:6 Anothat's ghost, experienced HOFi


Innate Abilities, Weirdness & Mutations

You are small and have problems with some larger weapons.
You are carnivorous and can eat meat at any time.


Message History

The jelly closely misses you.
You hit the jelly but do no damage.
Your hands burn!
* * * LOW HITPOINT WARNING * * *
The jelly is almost dead.
You hit the jelly but do no damage.
Your hands burn!
* * * LOW HITPOINT WARNING * * *
The jelly is almost dead.
The jelly closely misses you.
You hit the jelly but do no damage.
Your hands burn!
* * * LOW HITPOINT WARNING * * *
The jelly is almost dead.
Drink which item? (? for menu, Esc to quit)
You feel better. The jelly barely misses you.
You hit the jelly but do no damage.
Your hands burn!
* * * LOW HITPOINT WARNING * * *
The jelly is almost dead.
The jelly hits you.
* * * LOW HITPOINT WARNING * * *
You are splashed with acid!
The acid burns!
You die...

##.#......## #.# ####.........#
#.# ...........[## #.#######
............### #.......#
†<.>######....### #.#####.#
.<### #.##...######.#####.#
..########.####.#............#
..##.......# #[#......#.###.#
...#.####### #.@J.....#.# #.#
.....###########...(..(#.###.###
........#.....###......#..[....#
...............##......#.#####.#
................#..........###.#
...._...........#..............#
#.......†.......#.......>).#####
#...............#..........#
#...............############


You could see a jelly.

Vanquished Creatures
  A water moccasin (D:6)
  An orc warrior (D:6)
  An ogre (D:6)
  Blork the orc (D:4)
  7 scorpions
  A giant frog zombie (D:5)
  2 orc wizards (D:4)
  2 crimson imps
  Crazy Yiuf (D:4)
  A centaur skeleton (D:5)
  A hound (D:4)
  4 orc priests
  3 iguanas
  5 worker ants
  A hound zombie (D:5)
  A worker ant zombie (D:5)
  13 adders
  3 gnolls (D:4)
  A shadow imp (D:4)
  A white imp (D:4)
  2 oozes
  5 worms (D:2)
  12 orcs
  11 bats
  8 giant cockroaches
  6 goblins
  7 hobgoblins
  15 jackals
  5 kobolds
  3 ball pythons
  9 giant geckos
  A giant gecko skeleton (D:4)
  5 giant newts
  4 quokkas
  7 rats
  2 fungi
  A plant (D:1)
154 creatures vanquished.

Vanquished Creatures (others)
  4 fungi (D:5)
4 creatures vanquished.

Grand Total: 158 creatures vanquished

Notes
Turn   | Place    | Note
--------------------------------------------------------------
     0 | D:1      | mcbry74 the Kobold Assassin began the quest for the Orb.
     0 | D:1      | Reached XP level 1. HP: 12/12 MP: 1/1
   191 | D:1      | Reached XP level 2. HP: 15/17 MP: 2/2
   333 | D:1      | Reached skill level 6 in Stealth
   686 | D:1      | Reached XP level 3. HP: 19/22 MP: 3/3
   775 | D:1      | Found a glowing golden altar of the Shining One.
  1325 | D:2      | Reached XP level 4. HP: 27/27 MP: 4/4
  2082 | D:3      | Reached skill level 7 in Stealth
  2082 | D:3      | Reached XP level 5. HP: 31/31 MP: 5/5
  3066 | D:4      | Reached XP level 6. HP: 36/36 MP: 6/6
  3544 | D:4      | Got a jewelled hunting sling
  3602 | D:4      | Reached skill level 8 in Stealth
  3745 | D:4      | Noticed Blork the orc
  3762 | D:4      | Killed Blork the orc
  3762 | D:4      | Reached XP level 7. HP: 40/40 MP: 7/7
  3815 | D:4      | Noticed Crazy Yiuf
  3834 | D:4      | Killed Crazy Yiuf
  3918 | D:4      | Reached skill level 5 in Throwing
  4242 | D:4      | Found Ceerupan's Magic Scroll Emporium.
  4388 | D:4      | Reached skill level 9 in Stealth
  4467 | D:5      | Entered Level 5 of the Dungeon
  4508 | D:5      | Reached XP level 8. HP: 33/45 MP: 8/8
  4648 | D:5      | Reached skill level 5 in Short Blades
  5420 | D:5      | Found a glowing silver altar of Zin.
  5608 | D:6      | Reached skill level 5 in Dodging
  5629 | D:6      | Reached skill level 10 in Stealth
  5629 | D:6      | Reached XP level 9. HP: 34/50 MP: 9/9
  5758 | D:6      | Noticed Anothat's ghost (experienced HOFi)
  5913 | D:5      | HP: 2/50 [acid (3)]
  5915 | D:5      | Splashed by a jelly's acid

Vault maps used:
D:1:      shiori_shiawase, minmay_misc_feat_tiny, serial_bayou_pond_d,
          tso_metal_star
D:2:      kennysheep_generic_room_3
D:3:      first_bread
D:4:      serial_shops, nicolae_shop_behind_doors, minmay_fire_ice_demons,
          uniq_crazy_yiuf_cottage, uniq_blork_the_orc
D:5:      old_forge, basic_altar, minmay_misc_feat_encased
D:6:      lemuel_crystal_altar, makhleb_altar_promises_db

Action                   |  1- 3 |  4- 6 |  7- 9 || total
-------------------------+-------+-------+-------++-------
Melee: Dagger            |   102 |     6 |       ||   108
       Short sword       |       |    66 |   147 ||   213
 Fire: Blowgun           |    41 |    41 |   103 ||   185
Throw: Tomahawk          |       |       |    14 ||    14
  Use: Scroll            |       |    11 |     1 ||    12
       Potion            |       |       |     1 ||     1
 Stab: Sleeping          |    19 |    30 |    16 ||    65
       Distracted        |     2 |     4 |     3 ||     9
  Eat: Chunk             |     3 |     8 |     8 ||    19
